 Dungeon Crawl Stone Soup version 0.28-a0-773-g130ae17fe5 (webtiles) character file.

Game seed: 9463886445466953692

33 ytrimaz the Chopper (level 3, -2/27 HPs)
             Began as a Demonspawn Gladiator on Nov 1, 2021.
             Was a Believer of Lugonu.
             Killed by divine providence
             ... invoked by an orc priest
              (9 damage)
             ... on level 2 of the Dungeon.
             The game lasted 00:02:47 (1143 turns).

ytrimaz the Chopper (Demonspawn Gladiator)          Turns: 1143, Time: 00:02:47

Health: -2/27      AC: 13    Str: 12 (15) XL:     3   Next: 12%
Magic:  3/3        EV:  3    Int:  8 (9)  God:    Lugonu [**....]
Gold:   43         SH:  0    Dex: 11 (14) Spells: 2/2 levels left

rFire   . . .      SeeInvis .   (no weapon)
rCold   . . .      Faith    .   (no shield)
rNeg    . . .      Spirit   .   h - +1 plate armour
rPois   .          Reflect  .   c - +0 helmet
rElec   .          Harm     .   (no cloak)
rCorr   .          Rampage  .   f - +0 pair of gloves
Will    .....                   (no boots)
Stlth   ..........              (no amulet)
HPRegen 0.09/turn               (no ring)
MPRegen 0.08/turn               (no ring)

@: confused, ambrosia-drunk
A: claws 1, condensation shield
a: Renounce Religion, Depart the Abyss, Bend Space


You were on level 2 of the Dungeon.
You worshipped Lugonu.
Lugonu was pleased with you.
You visited 1 branch of the dungeon, and saw 2 of its levels.

You collected 43 gold pieces.

Inventory:

Missiles
 d - 3 throwing nets (quivered)
Armour
 b - a +0 leather armour
 c - a +0 helmet (worn)
 f - a +0 pair of gloves (worn)
 h - a +1 plate armour (worn)
Scrolls
 j - a scroll of blinking {unknown}
Potions
 g - a potion of ambrosia
 i - a potion of degeneration


   Skills:
 + Level 2.2 Fighting
 - Level 3.2 Axes
 - Level 1.7 Throwing
 * Level 1.0 Armour
 + Level 2.9 Dodging
 * Level 0.1 Unarmed Combat


You had 2 spell levels left.
You didn't know any spells.
Your spell library contained the following spells:

 Spells                   Type           Power      Damage    Failure   Level
 Corpse Rot               Necr/Air       0%         N/A       100%        2
 Dispel Undead            Necr           0%         3d6       100%        4
 Death Channel            Necr           0%         N/A       100%        6


Dungeon Overview and Level Annotations

Branches:
Dungeon (2/15)

Altars:
Lugonu


Innate Abilities, Weirdness & Mutations

You have sharp fingernails.
A meltable shield of frost defends you. (SH +4)


Message History

The orc wizard hits you but does no damage.
You hit the orc wizard.
The orc wizard is moderately wounded.
The quokka bites you.
* * * LOW HITPOINT WARNING * * *
The orc barely misses you. You block the orc wizard's attack.
Unknown command.
You closely miss the orc wizard.
The orc wizard is moderately wounded.
You block the quokka's attack. You block the orc priest's attack.
The orc closely misses you.
The orc wizard hits you but does no damage.
It was a potion of magic.
Magic courses through your body.
The quokka bites you but does no damage.
You block the orc priest's attack. The orc hits you but does no damage.
The orc wizard casts a spell.
The orc wizard flickers and vanishes!
Deactivating autopickup; reactivate with Ctrl-A.
The quokka bites you but does no damage.
It was a potion of ambrosia.
You are confused.
You feel invigorated. The orc hits you but does no damage.
The orc priest hits you but does no damage.
Something completely misses you. The quokka bites you.
It was a potion of degeneration.
There was something very wrong with that liquid.
You feel weakened.
You feel dopey.
You feel clumsy.
The orc priest hits you from afar with a +0 trident.
The orc hits you with a +0 mace.
* * * LOW HITPOINT WARNING * * *
The quokka bites you.
* * * LOW HITPOINT WARNING * * *
You hear some strange, mumbled words.
You are more confused.
You hit the orc.
The orc is lightly wounded.
The quokka bites you but does no damage.
The orc priest mumbles some strange prayers to Beogh against you.
Beogh smites you!
You die...

. .?... ....
#########...
#..<....o..
#......##.# ###.
#.......o.#....>
#......#o{..#
#.....lr@#.
########...#
#####


You could see an orc priest, an orc, a quokka and a frilled lizard.

Vanquished Creatures
  2 dart slugs (D:1)
  2 ball pythons (D:1)
  An endoplasm (D:1)
  6 goblins (D:1)
  5 hobgoblins (D:1)
  2 kobolds (D:1)
  A quokka (D:1)
  3 bats (D:1)
  4 rats (D:1)
26 creatures vanquished.

Notes
Turn   | Place    | Note
-------+----------+-------------------------------------------
     0 | D:1      | ytrimaz the Demonspawn Gladiator began the quest for the
                  | Orb.
     0 | D:1      | Reached XP level 1. HP: 16/16 MP: 1/1
   123 | D:1      | Gained mutation: A meltable shield of frost defends you.
                  | (SH +4) [demonic ancestry]
   123 | D:1      | Reached XP level 2. HP: 13/22 MP: 2/2
   276 | D:1      | Reached skill level 3 in Axes
   757 | D:1      | Found a faded altar of an unknown god.
   765 | D:1      | Discovered your monstrous ancestry.
   765 | D:1      | Gained mutation: You have sharp fingernails. [demonic
                  | ancestry]
   765 | D:1      | Reached XP level 3. HP: 25/27 MP: 3/3
   779 | D:1      | Prayed at the altar of an unknown god.
   779 | D:1      | Became a worshipper of Lugonu the Unformed
   779 | D:1      | Reached * piety under Lugonu
   779 | D:1      | Reached ** piety under Lugonu
   842 | D:1      | Reached skill level 1 in Armour
  1143 | D:2      | Killed from afar by an orc priest

Illustrated notes

Levels and vault maps discovered:
D:1:      minmay_arrival_glassed_features, layout_rooms, basic_ecumenical_altar,
          chequers_serial_rivers_large_a, minmay_door_square,
          minmay_tetromino_s4
D:2:      layout_loops_cross, uniq_terence

Skill      XL: |  1  2  3 |
---------------+----------+-----
Axes           | 3 |  3.2
Armour         | 1 |  1.0
Fighting       | |  2.2
Throwing       | |  1.7
Dodging        | |  2.9
Unarmed Combat | |  0.1

Action                   || total
-------------------------++-------
Melee: War axe           ||    54
       Unarmed           ||    42
Invok: Bend Space        ||     1
  Use: Scroll            ||     2
       Potion            ||     3
Armor: Leather armour    ||    10
       Plate armour      ||   115
Dodge: Dodged            ||    39
Block: Other             ||    16

Table legend: (Time is in decaauts)
 A = Elapsed time spent in this place.
 B = Non-inter-level travel time spent in this place.
 C = Inter-level travel time spent in this place.
 D = Time resting spent in this place.
 E = Time spent auto-exploring this place.
 F = Levels seen in this place.
 G = Mean time per level.
                   A        B        C        D        E       F      G
               +--------+--------+--------+--------+--------+-----+--------+
         Total |   1175 |   1144 |     31 |      0 |    838 |   2 |  587.5 |
       Dungeon |   1175 |   1144 |     31 |      0 |    838 |   2 |  587.5 |
               +--------+--------+--------+--------+--------+-----+--------+

Top non-repeatable levels by time:
     D:1: 1161 daAuts
     D:2: 14 daAuts
